 Dungeon Crawl Stone Soup version 0.31.0-12-g77e489cdc1 (webtiles) character file.

Game seed: 12536942786234876608

2614 Doomgape the Fighter (level 9, 0/85 HPs)
             Began as a Minotaur Fighter on Feb 13, 2024.
             Was a Follower of Okawaru.
             Slain by a gnoll sergeant
             ... wielding a +0 halberd
              (3 damage)
             ... in a bailey.
             The game lasted 00:16:42 (5861 turns).

Doomgape the Fighter (Minotaur Fighter)             Turns: 5861, Time: 00:16:42

Health: 0/85       AC: 16    Str: 26    XL:     9   Next: 34%
Magic:  8/8        EV:  7    Int:  5    God:    Okawaru [*.....]
Gold:   472        SH:  9    Dex:  9    Spells: 8/8 levels left

rFire   . . .        a - +1 war axe (spect)
rCold   . . .        c - +0 buckler
rNeg    . . .        g - +0 plate armour
rPois   .            u - +2 hat
rElec   .            (no cloak)
rCorr   .            (no gloves)
SInv    .            (no boots)
Will    .....        w - amulet of reflection Stlth
                     (no ring)
HPRegen 0.34/turn    (no ring)
MPRegen 0.11/turn

%: reflection
@: no status effects
A: horns 2, retaliatory headbutt
a: Renounce Religion, Heroism


You were in a bailey.
You worshipped Okawaru.
Okawaru was aware of your devotion.
You visited 2 branches of the dungeon, and saw 8 of its levels.
You also visited: Bailey.

You collected 472 gold pieces.

Inventory:

Hand Weapons
 a - a +1 spectral war axe (weapon)
Missiles
 i - 6 silver javelins (quivered)
 v - 4 throwing nets
Armour
 c - a +0 buckler (worn)
 g - a +0 plate armour (worn)
 u - a +2 hat (worn)
Jewellery
 w - an amulet of reflection (around neck)
Wands
 e - a wand of roots (4)
Scrolls
 h - 4 scrolls of identify
 n - 2 scrolls of amnesia
 o - 2 scrolls of enchant weapon
 r - a scroll of teleportation
Potions
 b - 5 potions of enlightenment
 d - a potion of might
 f - a potion of resistance {unknown}
 k - a potion of brilliance {unknown}
 l - a potion of haste {unknown}
 m - 2 potions of ambrosia {unknown}
 p - 5 potions of attraction {unknown}
 q - a potion of mutation {unknown}
 s - 2 potions of curing {unknown}
 t - a potion of heal wounds


   Skills:
 + Level 9.6 Fighting
 + Level 9.1 Axes
 + Level 9.5 Armour
 - Level 3.6 Shields


You had 8 spell levels left.
You didn't know any spells.
Your spell library contained the following spells:

 Spells                   Type           Power      Damage    Failure   Level
 Magic Dart               Conj           0%         1d3       99%         1
 Sandblast                Erth           0%         2d4       99%         1
 Shock                    Conj/Air       0%         1d3       99%         1
 Lesser Beckoning         Tloc           0%         N/A       100%        2
 Searing Ray              Conj           0%         2d4       100%        2
 Gell's Gravitas          Tloc           0%         N/A       100%        3
 Passwall                 Erth           0%         N/A       100%        3
 Stone Arrow              Conj/Erth      0%         3d7       100%        3
 Swiftness                Air            0%         N/A       100%        3
 Teleport Other           Tloc           0%         N/A       100%        3
 Airstrike                Air            0%         2d(0-16)  100%        4
 Brom's Barrelling Bould  Conj/Erth      0%         2d3       100%        4
 Fulminant Prism          Conj/Alch      0%         3d5       100%        4
 Borgnjor's Vile Clutch   Necr/Erth      0%         N/A       100%        5
 Animate Dead             Necr           Unusable   N/A       N/A         4
 Death Channel            Necr           Unusable   N/A       N/A         6

Dungeon Overview and Level Annotations

Branches:
Dungeon (7/15)             Temple (1/1) D:4          Bailey (1/1)

Altars:
Ashenzari
Cheibriados
Elyvilon
Gozag
Hepliaklqana
Kikubaaqudgha
Makhleb
Okawaru
Ru
Trog
Vehumet
Wu Jian
Xom
Yredelemnul
The Shining One

Shops:
D:7 **


Innate Abilities, Weirdness & Mutations

You have a pair of horns on your head.
You reflexively headbutt those who attack you in melee.


Message History

The gnoll is healed somewhat.
There is an open door, spattered with blood here.
Items here: )))) [[[[ ††.
You slice the gnoll bouda!!
You kill the gnoll bouda!
Okawaru accepts your kill.
You barely miss the gnoll. You hit the gnoll.
Your +1 spectral war axe hits the gnoll!
You kill the gnoll!
Okawaru accepts your kill.
Your +1 spectral war axe hits the gnoll!
You kill the gnoll!
Okawaru accepts your kill.
Unknown command.
Your +1 spectral war axe disappears.
v - 3 throwing nets (gained 1)
Things that are here:
a +0 halberd; a +0 scale mail
v - 4 throwing nets (gained 1)
You now have 451 gold pieces (gained 21).
A gnoll sergeant comes into view. It is wielding a +0 halberd.
You see here 21 gold pieces.
A gnoll sergeant is nearby!
You now have 472 gold pieces (gained 21).
A gnoll sergeant is nearby!
Unknown command.
The gnoll sergeant hits you with a +0 halberd!
* * * LOW HITPOINT WARNING * * *
Unknown command.
You hit the gnoll sergeant but do no damage.
You headbutt the gnoll sergeant, but do no damage.
Your +1 spectral war axe hits the gnoll sergeant!
The gnoll sergeant hits you with a +0 halberd!
* * * LOW HITPOINT WARNING * * *
Unknown command.
You hit the gnoll sergeant.
The gnoll sergeant is heavily wounded.
Your +1 spectral war axe hits the gnoll sergeant.
The gnoll sergeant hits you with a +0 halberd.
You die...

#...≈≈♣♣ ###..≈.♣ #..≈.♣
#..≈.. ##### #..≈..
##(..## #..≈.. ..##+
##.....######..≈..
......#(.....)#.).'..)..
......g@..8..))...'..)..
......#......)#...'...†.
..##' ##.....######..≈..
#. ##...## #..≈.. #
##### #..≈.. #..≈..
#..≈.♣ ###..≈.♣ #...≈≈♣♣


You could see a gnoll sergeant and a friendly +1 spectral war axe.

Vanquished Creatures
  The ghost of nitefall the Cudgeller, an amateur MiBe of Trog (D:4)
  A water moccasin (D:5)
  3 ice beasts
  2 black bears (D:6)
  2 ogres
  2 centaurs
  2 phantoms
  A kobold brigand (D:6)
  A bullfrog (D:6)
  2 gnoll sergeants (Bailey)
  3 scorpions
  2 bombardier beetles (D:5)
  6 hounds
  A jelly (D:4)
  6 orc priests
  A gnoll bouda (Bailey)
  5 iguanas
  3 orc wizards
  Terence (D:3)
  5 adders
  7 gnolls (Bailey)
  A shadow imp (D:6)
  2 white imps
  3 ufetubi
  4 ribbon worms
  2 dart slugs
  30 orcs
  7 ball pythons
  5 bats
  5 endoplasms
  2 giant cockroaches
  8 hobgoblins
  9 jackals
  7 quokkas
  2 frilled lizards
  12 goblins
  15 kobolds
  3 rats
174 creatures vanquished.

Notes
Turn   | Place    | Note
-------+----------+-------------------------------------------
     0 | D:1      | Doomgape the Minotaur Fighter began the quest for the Orb.
     0 | D:1      | Reached XP level 1. HP: 19/19 MP: 0/0
   201 | D:1      | Reached XP level 2. HP: 27/27 MP: 1/1
   210 | D:1      | Found a faded altar of an unknown god.
   871 | D:2      | Reached XP level 3. HP: 32/33 MP: 2/2
  1592 | D:3      | Noticed Terence
  1593 | D:3      | Reached XP level 4. HP: 39/41 MP: 3/3
  1603 | D:3      | Killed Terence
  1672 | D:3      | Reached skill level 5 in Fighting
  1672 | D:3      | Reached skill level 5 in Armour
  1672 | D:3      | Reached XP level 5. HP: 16/48 MP: 4/4
  1673 | D:3      | HP: 2/48 [orc/+0 club (3)]
  1692 | D:3      | You fall into a shaft and drop 3 floors!
  1776 | D:6      | Reached XP level 6. HP: 52/56 MP: 5/5
  1787 | D:6      | Reached skill level 5 in Axes
  1979 | D:6      | Reached XP level 7. HP: 45/64 MP: 6/6
  2328 | D:5      | Entered Level 5 of the Dungeon
  2545 | D:5      | Reached XP level 8. HP: 73/73 MP: 7/7
  2704 | D:5      | HP: 2/74 [ice beast (6)]
  3856 | D:4      | Found a broken altar of Ashenzari.
  3951 | D:4      | Found a staircase to the Ecumenical Temple.
  3998 | Temple   | Entered the Ecumenical Temple
  4032 | Temple   | Became a worshipper of Warmaster Okawaru
  4091 | D:4      | Found a hazy altar of Hepliaklqana.
  4124 | D:4      | Found a runed translucent door.
  4124 | D:4      | Noticed nitefall's ghost (amateur MiBe)
  4166 | D:4      | Killed nitefall's ghost
  4191 | D:4      | Reached XP level 9. HP: 80/83 MP: 8/8
  5507 | D:7      | Reached * piety under Okawaru
  5574 | D:7      | Found Nonepp's Specific Store.
  5575 | D:7      | Found Xesm's General Store.
  5747 | D:7      | Found a flagged portal.
  5764 | Bailey   | Entered a bailey
  5860 | Bailey   | HP: 3/85 [gnoll sergeant/+0 halberd (7)]
  5861 | Bailey   | Slain by a gnoll sergeant

Illustrated notes

Levels and vault maps discovered:
D:1:      heliophobic_arrival_dark_side_of_the_moon, layout_loops_ring,
          hellmonk_ecumenical_altar_lost_god
D:2:      layout_basic, minmay_misc_feat_square
D:3:      layout_rooms, serial_rivers, chequers_serial_rivers_micro_d,
          chequers_serial_rivers_small_a, chequers_serial_rivers_large_a,
          chequers_serial_rivers_micro_a, chequers_serial_rivers_micro_b,
          uniq_terence
D:4:      layout_gridville, ashenzari_conservatory_becter,
          mainiacjoe_overflow_alcove_2, minmay_temple_entry_drinking_statues,
          ebering_ghost_reflecting_pool
D:5:      layout_basic, minmay_starry_boxes
D:6:      layout_cave_pools, nicolae_eternal_life
D:7:      layout_cave_pools, enter_bailey_4, kennysheep_pointless_box,
          nicolae_concentric_dashed_squares_mild, nicolae_specific_store
Temple:   compressed_dpeg_triangle_lava_temple
Bailey:   bailey_polearm_gnolls_kennysheep, bailey

Skill      XL: |  1  2  3  4  5  6  7  8  9 |
---------------+----------------------------+-----
Armour         | 4 5 6 7 8 9 |  9.5
Fighting       | 4 5 6 7 9 |  9.6
Axes           | 3 4 5 6 8 9 |  9.1
Shields        | |  3.6

Action                     |  1- 3 |  4- 6 |  7- 9 || total
---------------------------+-------+-------+-------++-------
  Melee: War axe           |    89 |    61 |   225 ||   375
         Headbutt          |     7 |     6 |    42 ||    55
  Evoke: Wand              |       |       |     2 ||     2
    Use: Scroll            |     2 |     3 |     5 ||    10
         Potion            |       |     1 |     1 ||     2
 Armour: Scale mail        |    19 |       |       ||    19
         Plate armour      |    63 |    71 |   232 ||   366
  Dodge: Dodged            |    41 |    22 |    93 ||   156
  Block: Buckler           |    25 |    25 |    81 ||   131
         Reflection        |       |       |     2 ||     2
